 Dungeon Crawl Stone Soup version 0.31-a0-236-g9a0961fb85 (webtiles) character file.

Game seed: 9685423868693437840

184 qw the Shooter (level 5, -8/45 HPs)
             Began as a Minotaur Hexslinger on July 10, 2023.
             Was an Initiate of Okawaru.
             Mangled by Sigmund
             ... wielding a +0 scythe
              (9 damage)
             ... on level 3 of the Dungeon.
             The game lasted 00:01:00 (2272 turns).

qw the Shooter (Minotaur Hexslinger)                Turns: 2272, Time: 00:01:01

Health: -8/45      AC:  6    Str: 12    XL:     5   Next: 36%
Magic:  5/5        EV: 11    Int: 10    God:    Okawaru [......]
Gold:   93         SH:  0    Dex: 15    Spells: 5/6 levels left

rFire   . . .        Y - +1 sling (flame)
rCold   . . .        (no shield)
rNeg    . . .        d - +0 ring mail {rPois}
rPois   +            (helmet restricted)
rElec   .            e - +0 cloak
rCorr   .            (no gloves)
SInv    .            (no boots)
Will    .....        (no amulet)
Stlth   +            (no ring)
HPRegen 0.27/turn    (no ring)
MPRegen 0.09/turn

%: no passive effects
@: no status effects
A: horns 2, retaliatory headbutt
a: Renounce Religion


You were on level 3 of the Dungeon.
You worshipped Okawaru.
Okawaru was noncommittal.
You visited 1 branch of the dungeon, and saw 3 of its levels.

You collected 132 gold pieces.
You spent 39 gold pieces at shops.


Innate Abilities, Weirdness & Mutations

You have a pair of horns on your head.
You reflexively headbutt those who attack you in melee.


   Skills:
 - Level 3.4 Fighting
 + Level 5.2 Ranged Weapons
 - Level 1.3 Armour
 - Level 2.1 Dodging
 - Level 1.0 Spellcasting
 - Level 2.0 Hexes


You had 5 spell levels left.
You knew the following spells:

 Your Spells              Type           Power      Damage    Failure   Level
a - Slow                  Hex            16%        N/A       32%         1

Your spell library contained the following spells:

 Spells                   Type           Power      Damage    Failure   Level
 Inner Flame              Hex/Fire       2%         N/A       83%         3
 Portal Projectile        Hex/Tloc       4%         N/A       83%         3
 Cause Fear               Hex            2%         N/A       97%         4

Inventory:

Hand Weapons
 Y - a +1 sling of flaming (weapon)
Armour
 d - a +0 ring mail of poison resistance (worn)
 e - a +0 cloak (worn)
Scrolls
 b - a scroll of identify
 g - a scroll of teleportation
 h - a scroll of butterflies {unknown}
Potions
 a - 2 potions of curing
 c - a potion of resistance
 f - a potion of cancellation {unknown}

Dungeon Overview and Level Annotations

Branches:
Dungeon (3/15)

Altars:
Okawaru

Shops:
D:2 !

Annotations:
D:3 Sigmund


Message History

Sigmund completely misses you.
You shoot a sling bullet.
The sling bullet hits Sigmund but does no damage.
Sigmund is lightly wounded.
Sigmund hits you but does no damage.
You shoot a sling bullet.
The sling bullet closely misses Sigmund.
You shoot a sling bullet. The sling bullet hits Sigmund.
The sling bullet burns Sigmund.
Sigmund is moderately wounded.
Sigmund mumbles some strange words.
Sigmund flickers and vanishes!
Deactivating autopickup; reactivate with Ctrl-A.
Something hits you!
You shoot a sling bullet. You shoot a sling bullet.
Something completely misses you.
You shoot a sling bullet. Something hits you.
You shoot a sling bullet. Something hits you.
You shoot a sling bullet. Something hits you but does no damage.
You shoot a sling bullet. Something hits you.
You shoot a sling bullet. You shoot a sling bullet. Something hits you!
You shoot a sling bullet. Something hits you.
You shoot a sling bullet. Something hits you but does no damage.
You shoot a sling bullet. Something hits you!
You shoot a sling bullet. Something hits you.
You shoot a sling bullet. You shoot a sling bullet. Something hits you!
You die...

#.##.#.####.....#.#
#..#
#.##.#.###......#.#
#<.#
#.>....##.........#
###>##............#.#
..........#.........#
##.##.............###
#.##.#..##.#.....#
#.##.#..##.##....#
#.##.#..##>####@.#
#.##.#..##.# #..#
##.##.#..... {..#
#..<#.#.... .....
......# .....#?
#...### #########
...## ...... ######


There were no monsters in sight!

Vanquished Creatures
  A hound (D:3)
  Jessica (D:2)
  Terence (D:2)
  4 adders
  4 dart slugs
  4 orcs
  3 endoplasms
  2 giant cockroaches
  2 goblins
  6 hobgoblins
  3 jackals (D:1)
  A quokka (D:2)
  11 ball pythons
  4 bats
  2 frilled lizards
  4 kobolds
  6 rats
59 creatures vanquished.

Notes
Turn   | Place    | Note
-------+----------+-------------------------------------------
     0 | D:1      | qw the Minotaur Hexslinger began the quest for the Orb.
     0 | D:1      | Reached XP level 1. HP: 16/16 MP: 1/1
     0 | D:1      | 0 ||| qw: Version: 0.3-a-51-g015441d
     0 | D:1      | 0 ||| qw: Game counter: 4505
     0 | D:1      | 0 ||| qw: Melee chars always use a shield: true
     0 | D:1      | 0 ||| qw: God list: Okawaru
     0 | D:1      | 0 ||| qw: Allow faded altars: false
     0 | D:1      | 0 ||| qw: Do Orc after clearing Dungeon:15 true
     0 | D:1      | 0 ||| qw: Do second Lair branch before Depths: true
     0 | D:1      | 0 ||| qw: Lair rune preference: random
     0 | D:1      | 0 ||| qw: Goals: Normal
     0 | D:1      | 0 ||| PLANNING D:1-11
   143 | D:1      | Reached skill level 3 in Ranged Weapons
   329 | D:1      | Reached XP level 2. HP: 23/23 MP: 2/2
   349 | D:1      | 349 ||| FLEEEEING.
   350 | D:1      | 350 ||| FLEEEEING.
   351 | D:1      | 351 ||| FLEEEEING.
   352 | D:1      | 352 ||| FLEEEEING.
   353 | D:1      | 353 ||| FLEEEEING.
   354 | D:1      | 354 ||| FLEEEEING.
   355 | D:1      | 355 ||| FLEEEEING.
   356 | D:1      | 356 ||| FLEEEEING.
   357 | D:1      | 357 ||| FLEEEEING.
   358 | D:1      | 358 ||| FLEEEEING.
   360 | D:1      | 360 ||| FLEEEEING.
   361 | D:1      | 361 ||| FLEEEEING.
   362 | D:1      | 362 ||| FLEEEEING.
   890 | D:1      | 890 ||| UPGRADING to +0 ring mail of poison resistance.
   900 | D:1      | 900 ||| DROPPING +0 robe.
   901 | D:1      | 901 ||| UPGRADING to +0 cloak.
   906 | D:1      | 906 ||| READING scroll labelled VAOWEM QEXKAA.
   910 | D:1      | 910 ||| READING scroll labelled CISETZ YCOGE.
   911 | D:1      | 911 ||| DROPPING scroll of poison.
   951 | D:2      | Found a faded altar of an unknown god.
   964 | D:2      | Reached XP level 3. HP: 23/29 MP: 3/3
  1051 | D:2      | Found Kiruleisi's Distillery.
  1056 | D:2      | 1056 ||| BUYING potion of curing (39 gold).
  1056 | D:2      | Bought a potion of curing for 39 gold pieces
  1056 | D:2      | 1056 ||| SHOPLISTING potion of curing (39 gold, have 26).
  1056 | D:2      | 1056 ||| SHOPLISTING potion of haste (130 gold, have 26).
  1056 | D:2      | 1056 ||| SHOPLISTING potion of heal wounds (65 gold, have
                  | 26).
  1283 | D:2      | Reached skill level 4 in Ranged Weapons
  1386 | D:2      | Reached skill level 1 in Armour
  1591 | D:2      | Reached XP level 4. HP: 36/36 MP: 4/4
  1607 | D:2      | 1607 ||| READING scroll labelled LANUME ZIDOMOX.
  1608 | D:2      | 1608 ||| DRINKING 2 metallic red potions.
  1731 | D:2      | Noticed Terence
  1738 | D:2      | Killed Terence
  1842 | D:2      | Noticed Jessica
  1851 | D:2      | Killed Jessica
  1852 | D:2      | Reached skill level 5 in Ranged Weapons
  2023 | D:2      | 2023 ||| READING 3 scrolls labelled XYANUL QOEXZO.
  2041 | D:3      | 2041 ||| STAIRDANCE
  2080 | D:3      | 2080 ||| Stepping ~*~*~tactically~*~*~ (outnumbered).
  2081 | D:3      | 2081 ||| Stepping ~*~*~tactically~*~*~ (outnumbered).
  2089 | D:3      | Reached XP level 5. HP: 41/41 MP: 5/5
  2103 | D:3      | Found an iron altar of Okawaru.
  2104 | D:3      | 2104 ||| PLANNING OKAWARU WORSHIP
  2104 | D:3      | 2104 ||| READING scroll labelled OHU KELOLATUCI.
  2105 | D:3      | 2105 ||| READING 2 scrolls of identify.
  2105 | D:3      | 2105 ||| IDENTIFYING murky brown potion
  2106 | D:3      | 2106 ||| DROPPING potion of attraction.
  2115 | D:3      | Became a worshipper of Warmaster Okawaru
  2116 | D:3      | 2116 ||| PLANNING D:1-11
  2173 | D:3      | Reached skill level 3 in Fighting
  2252 | D:3      | Noticed Sigmund
  2267 | D:3      | HP: 11/45 [something (5)]
  2269 | D:3      | HP: 2/45 [something (9)]
  2272 | D:3      | Mangled by Sigmund

Levels and vault maps discovered:
D:1:      scummos_arrival_gate, layout_basic
D:2:      layout_loops_corners, serial_shops, shop, nicolae_ecumenical_pavilion,
          minmay_misc_feat_columns, minmay_misc_feat_iff, minmay_tetromino_o2,
          uniq_terence, uniq_jessica
D:3:      layout_loops_ring, okawaru_altar_gauntlet_db, uniq_sigmund

Skill      XL: |  1  2  3  4  5 |
---------------+----------------+-----
Ranged Weapons | 3 4 5 |  5.2
Fighting       | 2 3 |  3.4
Armour         | 1 |  1.3
Dodging        | |  2.1
Spellcasting   | |  1.0
Hexes          | |  2.0

Action                     |  1- 3 |  4- 6 || total
---------------------------+-------+-------++-------
   Fire: Sling             |   134 |    88 ||   222
    Use: Scroll            |     2 |     4 ||     6
         Potion            |       |     1 ||     1
 Armour: Robe              |     6 |       ||     6
         Ring mail         |    11 |    22 ||    33
  Dodge: Dodged            |    45 |    31 ||    76

Table legend:
 A = Non-vault XP
 B = Vault XP
 C = Vault XP percentage of total XP
 D = Non-vault monster count
 E = Vault monster count
 F = Vault count percentage of total count
                 A         B        C        D         E       F
            +---------+---------+-------+---------+---------+-------
      Total |     172 |      92 |  34.8 |      50 |       9 |  15.3
            +---------+---------+-------+---------+---------+-------
        D:1 |      39 |       0 |   0.0 |      23 |       0 |   0.0
        D:2 |      75 |      77 |  50.7 |      25 |       3 |  10.7
        D:3 |      58 |      15 |  20.5 |       2 |       6 |  75.0
            +---------+---------+-------+---------+---------+-------
